 Dungeon Sprint DCSS version 0.28.0-47-ge53b351184 (webtiles) character file.

Game seed: 6421202137326777981

6300000 Zeld the Conqueror (level 24, -5/249 HPs)
             Began as a Minotaur Monk on Apr 29, 2022.
             Was the Champion of Makhleb.
             Slain by a destroyer
             ... wielding a +9 vorpal great sword
              (43 damage)
             ... in the Dungeon (Sprint VIII: "Arena of Blood").
             The game lasted 00:01:47 (63 turns).

Zeld the Conqueror (Minotaur Monk)                    Turns: 63, Time: 00:01:47

Health: -5/249     AC:  3    Str: 26    XL:     24   Next: 18%
Magic:  24/39      EV: 27    Int:  7    God:    Makhleb [******]
Gold:   0          SH:  0    Dex: 15    Spells: 50/50 levels left

rFire   . . .      SeeInvis .   h - +∞ Axe of Woe
rCold   . . .      Faith    .   (shield currently unavailable)
rNeg    . . .      Spirit   .   a - +0 robe
rPois   .          Reflect  .   (helmet restricted)
rElec   .          Harm     .   (no cloak)
rCorr   .          Rampage  .   (no gloves)
Will    +....      NoTele   +   (no boots)
Stlth   +++++++++.              (no amulet)
HPRegen 0.51/turn               i - +200 ring of slaying
MPRegen 0.26/turn               j - +200 ring of slaying

@: slowed, very slow
A: horns 2, retaliatory headbutt
a: Renounce Religion, Minor Destruction, Lesser Servant of Makhleb, Major
Destruction, Greater Servant of Makhleb


You were in the Dungeon.
You worshipped Makhleb.
Makhleb was exalted by your worship.
You visited 1 branch

Inventory:

Hand Weapons
 h - the +∞ Axe of Woe (weapon)
   (You found it in the Dungeon)
Armour
 a - a +0 robe (worn)
Jewellery
 i - a +200 ring of slaying (left hand)
 j - a +200 ring of slaying (right hand)
Scrolls
 g - a scroll of blinking
Potions
 b - a potion of curing
 c - a potion of heal wounds
 d - a potion of haste
 e - 2 potions of magic
 f - a potion of berserk rage


   Skills:
 O Level 27 Fighting
 + Level 20.3(23.6) Short Blades
 + Level 21.9(25.4) Long Blades
 O Level 27 Axes
 + Level 21.9(27) Maces & Flails
 + Level 21.9(27) Polearms
 + Level 21.9(27) Staves
 + Level 20.3(23.5) Slings
 + Level 20.3 Bows
 + Level 20.3 Crossbows
 + Level 18.8(21.8) Throwing
 + Level 21.9 Armour
 O Level 27 Dodging
 O Level 27 Stealth
 + Level 22.0 Shields
 O Level 27 Unarmed Combat
 + Level 13.6 Spellcasting
 + Level 14.8 Conjurations
 + Level 13.6 Hexes
 + Level 14.8 Summonings
 + Level 14.8 Necromancy
 + Level 14.8 Translocations
 + Level 16.0 Transmutations
 + Level 14.8 Fire Magic
 + Level 14.8 Ice Magic
 + Level 14.8 Air Magic
 + Level 16.0 Earth Magic
 + Level 14.8 Poison Magic
 + Level 18.8 Invocations
 + Level 17.4 Evocations


You had 50 spell levels left.
You didn't know any spells.
Your spell library was empty.

Dungeon Overview and Level Annotations

Branches:
Dungeon (1/1)

Altars:
Makhleb

Annotations:
D The Servant


Innate Abilities, Weirdness & Mutations

You have a pair of horns on your head.
You reflexively headbutt those who attack you in melee.


Message History

The destroyer gestures at you while chanting.
The destroyer blinks!
You hear a shout! x2; You hear two shouts! x2
Unknown command.
Unknown command.
Unknown command.
You slice the bag of meat like a ripe choko!!!
You slaughter the bag of meat joyfully.
You kill the bag of meat!
Makhleb accepts your kill.
The dread appears out of thin air!
A dread comes into view.
You hear two shouts!
You hear a shout! x4
The accursed points at you and mumbles some strange words.
Something smites you!
You hear a shout! x6
The destroyer gestures at you while chanting.
The destroyer blinks!
You hear a shout!
Your Shields skill increases to level 22!
Your Transmutations skill increases to level 16!
Your Earth Magic skill increases to level 16!
Unknown command.
j - a +200 ring of slaying (right hand)
The accursed casts a spell at you. Something smites you!
You hear a shout! x5
You hear a shout! x8
The destroyer points at you and mumbles some strange words.
The destroyer blinks!
You hear a shout!
The accursed gestures at you while chanting.
Something smites you!
You hear a shout!
A bag of meat comes into view. It is wielding a +9 war axe.
You hear a shout! x6
The destroyer hits you with a +9 vorpal great sword!!!!!
Ouch! That really hurt!
* * * LOW HITPOINT WARNING * * *
You die...

o. ..... #.. ...#
#.. ...# .###..
...###. O
......###........
.....W._.§....o..
....#..)).#..Oo..
. #_)<)_# @o...
..#..)@)#......
..o..M)V)))......
......###))......
.###.. ...###...
#.. .§..# ..
#.......#
.........
...o.......
..O.......


You could see an accursed, a destroyer, a dread and a bag of meat.

Vanquished Creatures
  2 royal mummies (D)
  A wraith (D)
  7 vampire knights (D)
  22 ogres (D)
  3 two-headed ogres (D)
  21 orcs (D)
  3 skeletal warriors (D)
59 creatures vanquished.

Notes
Turn   | Place    | Note
-------+----------+-------------------------------------------
     0 | D        | Found the +∞ Axe of Woe
     0 | D        | Zeld the Minotaur Monk began the quest for the Orb.
     0 | D        | Reached XP level 1. HP: 19/19 MP: 0/0
     2 | D        | Noticed a bag of meat
     3 | D        | Noticed a meat berserker
     4 | D        | Became a worshipper of Makhleb the Destroyer
     4 | D        | Reached * piety under Makhleb
     4 | D        | Reached ** piety under Makhleb
     5 | D        | Killed a meat berserker
     5 | D        | Noticed a bag of meat
     6 | D        | Reached skill level 5 in Axes
     6 | D        | Reached skill level 5 in Stealth
     6 | D        | Reached XP level 2. HP: 56/56 MP: 1/1
     6 | D        | Reached XP level 3. HP: 63/63 MP: 2/2
     6 | D        | Reached XP level 4. HP: 71/71 MP: 3/3
     6 | D        | Reached XP level 5. HP: 79/79 MP: 4/4
     6 | D        | Reached XP level 6. HP: 86/86 MP: 5/5
     6 | D        | Reached XP level 7. HP: 94/94 MP: 6/6
     6 | D        | Reached XP level 8. HP: 102/102 MP: 7/7
     6 | D        | Reached XP level 9. HP: 108/108 MP: 8/8
     6 | D        | Reached XP level 10. HP: 117/117 MP: 9/9
     6 | D        | Reached XP level 11. HP: 124/124 MP: 10/10
     7 | D        | Noticed a bag of meat
     9 | D        | Noticed a bag of meat
     9 | D        | Noticed a bag of meat
    10 | D        | Noticed a bag of meat
    11 | D        | Noticed a meat berserker
    12 | D        | Killed a bag of meat
    12 | D        | Noticed a bag of meat
    13 | D        | Reached XP level 12. HP: 73/137 MP: 11/11
    13 | D        | Killed a meat berserker
    13 | D        | Noticed a meat berserker
    13 | D        | Noticed a meat berserker
    13 | D        | Noticed a bag of meat
    14 | D        | Reached XP level 13. HP: 62/150 MP: 12/12
    14 | D        | Killed a bag of meat
    14 | D        | Reached *** piety under Makhleb
    14 | D        | Noticed a meat berserker
    15 | D        | Killed a meat berserker
    16 | D        | Reached XP level 14. HP: 48/166 MP: 13/13
    16 | D        | Killed a bag of meat
    16 | D        | Killed a meat berserker
    16 | D        | Reached **** piety under Makhleb
    16 | D        | Noticed a meat berserker
    16 | D        | Noticed a bag of meat
    16 | D        | Noticed a bag of meat
    17 | D        | Reached skill level 27 in Fighting
    17 | D        | Reached skill level 27 in Dodging
    17 | D        | Reached skill level 10 in Stealth
    17 | D        | Reached XP level 15. HP: 125/174 MP: 14/14
    17 | D        | Noticed a large bag of meat
    17 | D        | Killed a large bag of meat
    17 | D        | Noticed a large bag of meat
    17 | D        | Noticed a meat berserker
    17 | D        | Noticed a meat berserker
    18 | D        | Reached skill level 27 in Unarmed Combat
    18 | D        | Killed a meat berserker
    18 | D        | Noticed a meat berserker
    18 | D        | Noticed a meat berserker
    20 | D        | Killed a large bag of meat
    20 | D        | Killed a meat berserker
    20 | D        | Reached ***** piety under Makhleb
    21 | D        | Reached skill level 27 in Axes
    21 | D        | Reached XP level 16. HP: 125/183 MP: 15/15
    21 | D        | Noticed a large bag of meat
    22 | D        | Killed a meat berserker
    22 | D        | Noticed a destroyer
    23 | D        | Killed a meat berserker
    23 | D        | Noticed a meat berserker
    24 | D        | Reached skill level 27 in Stealth
    24 | D        | Reached XP level 17. HP: 191/191 MP: 16/16
    24 | D        | Killed a meat berserker
    25 | D        | Killed a destroyer
    26 | D        | Reached skill level 5 in Short Blades
    26 | D        | Reached skill level 5 in Slings
    26 | D        | Reached skill level 5 in Bows
    26 | D        | Reached skill level 5 in Crossbows
    26 | D        | Reached skill level 5 in Throwing
    26 | D        | Reached skill level 5 in Invocations
    26 | D        | Noticed a meat berserker
    27 | D        | Killed a meat berserker
    27 | D        | Reached ****** piety under Makhleb
    28 | D        | Reached skill level 5 in Transmutations
    28 | D        | Reached skill level 5 in Earth Magic
    28 | D        | Reached skill level 5 in Evocations
    28 | D        | Reached XP level 18. HP: 200/200 MP: 16/23
    29 | D        | Killed a large bag of meat
    29 | D        | Killed a meat berserker
    30 | D        | Reached skill level 5 in Spellcasting
    30 | D        | Reached skill level 5 in Hexes
    31 | D        | Noticed a destroyer
    32 | D        | Killed a meat berserker
    32 | D        | Killed a destroyer
    32 | D        | Noticed a destroyer
    33 | D        | Reached skill level 10 in Short Blades
    33 | D        | Reached skill level 10 in Slings
    33 | D        | Reached skill level 10 in Bows
    33 | D        | Reached skill level 10 in Crossbows
    33 | D        | Reached XP level 19. HP: 207/207 MP: 17/28
    34 | D        | Killed a destroyer
    35 | D        | Reached skill level 10 in Throwing
    35 | D        | Reached skill level 10 in Invocations
    37 | D        | Reached skill level 10 in Evocations
    37 | D        | Reached XP level 20. HP: 216/216 MP: 17/30
    37 | D        | Noticed a destroyer
    37 | D        | Noticed a meat berserker
    37 | D        | Noticed a destroyer
    37 | D        | Noticed a meat berserker
    38 | D        | Noticed a meat berserker
    38 | D        | Noticed a meat berserker
    40 | D        | Noticed The Servant
    40 | D        | Noticed a destroyer
    41 | D        | Noticed a meat berserker
    41 | D        | Killed a destroyer
    42 | D        | Reached skill level 10 in Transmutations
    42 | D        | Reached skill level 10 in Earth Magic
    42 | D        | Killed a destroyer
    42 | D        | Killed a meat berserker
    43 | D        | Reached skill level 15 in Long Blades
    43 | D        | Reached skill level 15 in Maces & Flails
    43 | D        | Reached skill level 15 in Polearms
    43 | D        | Reached skill level 15 in Staves
    43 | D        | Reached skill level 15 in Armour
    43 | D        | Reached skill level 15 in Shields
    43 | D        | Reached skill level 10 in Conjurations
    43 | D        | Reached skill level 10 in Summonings
    43 | D        | Reached skill level 10 in Necromancy
    43 | D        | Reached skill level 10 in Translocations
    43 | D        | Reached skill level 10 in Fire Magic
    43 | D        | Reached skill level 10 in Ice Magic
    43 | D        | Reached skill level 10 in Air Magic
    43 | D        | Reached skill level 10 in Poison Magic
    43 | D        | Killed a meat berserker
    44 | D        | Reached XP level 21. HP: 224/224 MP: 19/33
    45 | D        | Reached skill level 15 in Short Blades
    45 | D        | Reached skill level 15 in Slings
    45 | D        | Reached skill level 15 in Bows
    45 | D        | Reached skill level 15 in Crossbows
    47 | D        | Noticed an accursed
    48 | D        | Killed a destroyer
    49 | D        | Reached skill level 10 in Spellcasting
    49 | D        | Reached skill level 10 in Hexes
    49 | D        | Noticed an accursed
    49 | D        | Killed an accursed
    49 | D        | Noticed a destroyer
    50 | D        | Reached skill level 15 in Throwing
    50 | D        | Reached skill level 15 in Invocations
    50 | D        | Reached XP level 22. HP: 221/233 MP: 20/36
    51 | D        | Noticed an accursed
    53 | D        | Reached skill level 15 in Evocations
    53 | D        | Killed an accursed
    54 | D        | Reached XP level 23. HP: 240/240 MP: 21/38
    55 | D        | Noticed an accursed
    58 | D        | Killed a destroyer
    58 | D        | Noticed a destroyer
    59 | D        | Reached skill level 15 in Transmutations
    59 | D        | Reached skill level 15 in Earth Magic
    59 | D        | Noticed a dread
    59 | D        | Killed a dread
    60 | D        | Reached XP level 24. HP: 249/249 MP: 23/39
    62 | D        | Noticed a dread
    63 | D        | Slain by a destroyer

Illustrated notes

Levels and vault maps discovered:
D:        meatsprint

Skill      XL: |  1  2  3  4  5  6  7  8  9 10 11 12 13 14 15 16 17 18 19 20 21 22 23 24 |
---------------+-------------------------------------------------------------------------+-----
Fighting       | 20 21 24 26 27 | 27.0
Axes           | 5 7 9 13 27 | 27.0
Dodging        | 18 20 22 24 27 | 27.0
Stealth        | 5 6 7 8 10 19 27 | 27.0
Unarmed Combat | 18 19 21 23 25 27 | 27.0
Short Blades   | 7 10 12 14 16 18 20 | 20.3
Long Blades    | 7 11 13 15 18 19 21 | 21.9
Maces & Flails | 7 11 13 15 18 19 21 | 21.9
Polearms       | 7 11 13 15 18 19 21 | 21.9
Staves         | 7 11 13 15 18 19 21 | 21.9
Slings         | 7 10 12 14 16 18 20 | 20.3
Bows           | 7 10 12 14 16 18 20 | 20.3
Crossbows      | 7 10 12 14 16 18 20 | 20.3
Throwing       | 6 9 11 13 15 16 18 | 18.8
Armour         | 7 11 13 15 18 19 21 | 21.9
Shields        | 7 11 13 15 18 19 21 22 | 22.0
Spellcasting   | 4 6 7 9 11 12 13 | 13.6
Conjurations   | 4 7 8 10 12 13 14 | 14.8
Hexes          | 4 6 7 9 11 12 13 | 13.6
Summonings     | 4 7 8 10 12 13 14 | 14.8
Necromancy     | 4 7 8 10 12 13 14 | 14.8
Translocations | 4 7 8 10 12 13 14 | 14.8
Transmutations | 5 8 9 11 13 14 15 16 | 16.0
Fire Magic     | 4 7 8 10 12 13 14 | 14.8
Ice Magic      | 4 7 8 10 12 13 14 | 14.8
Air Magic      | 4 7 8 10 12 13 14 | 14.8
Earth Magic    | 5 8 9 11 13 14 15 16 | 16.0
Poison Magic   | 4 7 8 10 12 13 14 | 14.8
Invocations    | 6 9 11 13 15 16 18 | 18.8
Evocations     | 5 8 10 12 14 15 17 | 17.4

Action                   |  1- 3 |  4- 6 |  7- 9 | 10-12 | 13-15 | 16-18 | 19-21 | 22-24 || total
-------------------------+-------+-------+-------+-------+-------+-------+-------+-------++-------
Melee: Executioner's axe |     1 |       |       |     2 |     6 |     8 |     8 |    10 ||    35
Dodge: Dodged            |       |       |       |       |     2 |     2 |     2 |       ||     6
